Workbook
Name f_ing: OFFSET(p_ing,0,0,COUNTA(l_ing),1)
Name ingredients: ingredients!$A$7:$A$13
Name l_ing: ingredients!$A:$A
Name p_ing: ingredients!$A$7
Name produit: #REF!

Sheet Base R.Backery
A1: Type
A4: =SUM(K28*K27)/C26 -> #DIV/0! | L4: Baking : | M4: 0
L5: Time (min) | M5: 0
A6: Page 00 | L6: Ventilation : | M6: 0
L7: Humidity | M7: 0
A8: Recipe | F8: Products | I8: Coeff RCT | J8: =SUM(B26/K27) -> #DIV/0! | L8: Oura | M8: Open
A9: Recipe TOTAL | B9: Base | C9: 1 Pc. | D9: Food Cost | E9: Prix / Kilo | F9: Piece | G9: Raw Materials | H9: Colonne1 | I9: Process
A10: =SUM(A4*C10) -> #DIV/0! | B10: 0 | C10: =SUM(B10/J8) -> #DIV/0! | D10: =IFERROR(E10/1000*A10,0) -> 0 | E10: =VLOOKUP(G10,ingredients!A7:C491,2,0) -> #N/A
A11: =SUM(A4*C11) -> #DIV/0! | B11: 0 | C11: =SUM(B11/J8) -> #DIV/0! | D11: =IFERROR(E11/1000*A11,0) -> 0 | E11: =VLOOKUP(G11,ingredients!A7:C491,2,0) -> #N/A
A12: =SUM(A4*C12) -> #DIV/0! | B12: 0 | C12: =SUM(B12/J8) -> #DIV/0! | D12: =IFERROR(E12/1000*A12,0) -> 0 | E12: =VLOOKUP(G12,ingredients!A7:C491,2,0) -> #N/A
A13: =SUM(A4*C13) -> #DIV/0! | B13: 0 | C13: =SUM(B13/J8) -> #DIV/0! | D13: =IFERROR(E13/1000*A13,0) -> 0 | E13: =VLOOKUP(G13,ingredients!A7:C491,2,0) -> #N/A
A14: =SUM(A4*C14) -> #DIV/0! | B14: 0 | C14: =SUM(B14/J8) -> #DIV/0! | D14: =IFERROR(E14/1000*A14,0) -> 0 | E14: =VLOOKUP(G14,ingredients!A7:C491,2,0) -> #N/A
A15: =SUM(A4*C15) -> #DIV/0! | B15: 0 | C15: =SUM(B15/J8) -> #DIV/0! | D15: =IFERROR(E15/1000*A15,0) -> 0 | E15: =VLOOKUP(G15,ingredients!A7:C491,2,0) -> #N/A
A16: =SUM(A4*C16) -> #DIV/0! | B16: 0 | C16: =SUM(B16/J8) -> #DIV/0! | D16: =IFERROR(E16/1000*A16,0) -> 0 | E16: =VLOOKUP(G16,ingredients!A7:C491,2,0) -> #N/A
A17: =SUM(A4*C17) -> #DIV/0! | B17: 0 | C17: =SUM(B17/J8) -> #DIV/0! | D17: =IFERROR(E17/1000*A17,0) -> 0 | E17: =VLOOKUP(G17,ingredients!A7:C491,2,0) -> #N/A
A18: =SUM(A4*C18) -> #DIV/0! | B18: 0 | C18: =SUM(B18/J8) -> #DIV/0! | D18: =IFERROR(E18/1000*A18,0) -> 0 | E18: =VLOOKUP(G18,ingredients!A7:C491,2,0) -> #N/A
A19: =SUM(A4*C19) -> #DIV/0! | B19: 0 | C19: =SUM(B19/J8) -> #DIV/0! | D19: =IFERROR(E19/1000*A19,0) -> 0 | E19: =VLOOKUP(G19,ingredients!A7:C491,2,0) -> #N/A
A20: =SUM(A4*C20) -> #DIV/0! | B20: 0 | C20: =SUM(B20/J8) -> #DIV/0! | D20: =IFERROR(E20/1000*A20,0) -> 0 | E20: =VLOOKUP(G20,ingredients!A7:C491,2,0) -> #N/A
A21: =SUM(A4*C21) -> #DIV/0! | B21: 0 | C21: =SUM(B21/J8) -> #DIV/0! | D21: =IFERROR(E21/1000*A21,0) -> 0 | E21: =VLOOKUP(G21,ingredients!A7:C491,2,0) -> #N/A
A22: =SUM(A4*C22) -> #DIV/0! | B22: 0 | C22: =SUM(B22/J8) -> #DIV/0! | D22: =IFERROR(E22/1000*A22,0) -> 0 | E22: =VLOOKUP(G22,ingredients!A7:C491,2,0) -> #N/A
A23: =SUM(A4*C23) -> #DIV/0! | B23: 0 | C23: =SUM(B23/J8) -> #DIV/0! | D23: =IFERROR(E23/1000*A23,0) -> 0 | E23: =VLOOKUP(G23,ingredients!A7:C491,2,0) -> #N/A
A24: =SUM(A4*C24) -> #DIV/0! | D24: =IFERROR(E24/1000*A24,0) -> 0 | E24: =VLOOKUP(G24,ingredients!A7:C491,2,0) -> #N/A
A25: =SUM(A4*C25) -> #DIV/0! | B25: 0 | C25: =SUM(B25/J8) -> #DIV/0! | D25: =IFERROR(E25/1000*A25,0) -> 0 | E25: =VLOOKUP(G25,ingredients!A7:C491,2,0) -> #N/A
B26: =SUM(B10:B25) -> 0 | C26: =SUM(C10:C25) -> #DIV/0! | D26: =SUM(D10:D25) -> 0 | G26: Recipe Weight
A27: =SUM(A10:A25) -> #DIV/0! | C27: Recipe Weight X | I27: Weight for 1 Pce | K27: 0
A28: 0 | B28: waste | I28: number you need | K28: 0
A29: 0 | B29: waste after cooking | I29: Nbr of pce for 1X recipe | K29: =INT((B26/K27)) -> #DIV/0!
A30: Weight after cooking | D30: =SUM(K27)-(K27*A29) -> 0
A31: weight after 10% waste | D31: =SUM(A10:A25)-(SUM(A10:A25)*A28) -> #DIV/0!

Sheet Base R-Pati
A1: Type
G2: Name Recipe | M2: Degree : | N2: 0
M3: Time (min) | N3: 0
A4: Page 00 | M4: Ventilation : | N4: 0
A5: =SUM(H28*I28+J28*K28+L28*M28)/C24 -> #DIV/0! | M5: Humidity | N5: 0
A6: Recipe | F6: Products | H6: Coeff RCT | I6: =SUM(B24/I28) -> #DIV/0! | M6: Oura | N6: Open
A7: Recipe TOTAL | B7: Base | C7: 1 Pc. | D7: Food Cost | E7: Prix / Kilo | F7: Piece | G7: Ingredients | H7: Process
A8: =SUM(A5*C8) -> #DIV/0! | B8: 0 | C8: =SUM(B8/I6) -> #DIV/0! | D8: =IFERROR(E8/1000*A8,0) -> 0 | E8: =VLOOKUP(G8,ingredients!A7:C491,3,0) -> #N/A
A9: =SUM(A5*C9) -> #DIV/0! | B9: 0 | C9: =SUM(B9/I6) -> #DIV/0! | D9: =IFERROR(E9/1000*A9,0) -> 0 | E9: =VLOOKUP(G9,ingredients!A7:C491,3,0) -> #N/A
A10: =SUM(A5*C10) -> #DIV/0! | B10: 0 | C10: =SUM(B10/I6) -> #DIV/0! | D10: =IFERROR(E10/1000*A10,0) -> 0 | E10: =VLOOKUP(G10,ingredients!A7:C491,3,0) -> #N/A
A11: =SUM(A5*C11) -> #DIV/0! | B11: 0 | C11: =SUM(B11/I6) -> #DIV/0! | D11: =IFERROR(E11/1000*A11,0) -> 0 | E11: =VLOOKUP(G11,ingredients!A7:C491,3,0) -> #N/A
A12: =SUM(A5*C12) -> #DIV/0! | B12: 0 | C12: =SUM(B12/I6) -> #DIV/0! | D12: =IFERROR(E12/1000*A12,0) -> 0 | E12: =VLOOKUP(G12,ingredients!A7:C491,3,0) -> #N/A
A13: =SUM(A5*C13) -> #DIV/0! | B13: 0 | C13: =SUM(B13/I6) -> #DIV/0! | D13: =IFERROR(E13/1000*A13,0) -> 0 | E13: =VLOOKUP(G13,ingredients!A7:C491,3,0) -> #N/A
A14: =SUM(A5*C14) -> #DIV/0! | B14: 0 | C14: =SUM(B14/I6) -> #DIV/0! | D14: =IFERROR(E14/1000*A14,0) -> 0 | E14: =VLOOKUP(G14,ingredients!A7:C491,3,0) -> #N/A
A15: =SUM(A5*C15) -> #DIV/0! | B15: 0 | C15: =SUM(B15/I6) -> #DIV/0! | D15: =IFERROR(E15/1000*A15,0) -> 0 | E15: =VLOOKUP(G15,ingredients!A7:C491,3,0) -> #N/A
A16: =SUM(A5*C16) -> #DIV/0! | B16: 0 | C16: =SUM(B16/I6) -> #DIV/0! | D16: =IFERROR(E16/1000*A16,0) -> 0 | E16: =VLOOKUP(G16,ingredients!A7:C491,3,0) -> #N/A
A17: =SUM(A5*C17) -> #DIV/0! | B17: 0 | C17: =SUM(B17/I6) -> #DIV/0! | D17: =IFERROR(E17/1000*A17,0) -> 0 | E17: =VLOOKUP(G17,ingredients!A7:C491,3,0) -> #N/A
A18: =SUM(A5*C18) -> #DIV/0! | B18: 0 | C18: =SUM(B18/I6) -> #DIV/0! | D18: =IFERROR(E18/1000*A18,0) -> 0 | E18: =VLOOKUP(G18,ingredients!A7:C491,3,0) -> #N/A
A19: =SUM(A5*C19) -> #DIV/0! | B19: 0 | C19: =SUM(B19/I6) -> #DIV/0! | D19: =IFERROR(E19/1000*A19,0) -> 0 | E19: =VLOOKUP(G19,ingredients!A7:C491,3,0) -> #N/A
A20: =SUM(A5*C20) -> #DIV/0! | B20: 0 | C20: =SUM(B20/I6) -> #DIV/0! | D20: =IFERROR(E20/1000*A20,0) -> 0 | E20: =VLOOKUP(G20,ingredients!A7:C491,3,0) -> #N/A
A21: =SUM(A5*C21) -> #DIV/0! | B21: 0 | C21: =SUM(B21/I6) -> #DIV/0! | D21: =IFERROR(E21/1000*A21,0) -> 0 | E21: =VLOOKUP(G21,ingredients!A7:C491,3,0) -> #N/A
A22: =SUM(A5*C22) -> #DIV/0! | D22: =IFERROR(E22/1000*A22,0) -> 0 | E22: =VLOOKUP(G22,ingredients!A7:C491,3,0) -> #N/A
A23: =SUM(A5*C23) -> #DIV/0! | B23: 0 | C23: =SUM(B23/I6) -> #DIV/0! | D23: =IFERROR(E23/1000*A23,0) -> 0 | E23: =VLOOKUP(G23,ingredients!A7:C491,3,0) -> #N/A
B24: =SUM(B8:B23) -> 0 | C24: =SUM(C8:C23) -> #DIV/0! | D24: =SUM(D8:D23) -> 0 | G24: Recipe Weight
A25: =SUM(A8:A23) -> #DIV/0! | C25: Recipe Weight X
A27: Nbr.pce 1X R | F27: =INT((B24/I28)) -> #DIV/0! | H27: Nbr.Pce 1 | I27: Gr/Pce | J27: Nbr.Pce2 | K27: Gr/Pce | L27: Nbr.Pce3 | M27: Gr/Pce
H28: 0 | I28: 0 | J28: 2 | K28: 120 | L28: 3 | M28: 10
H29: Total Gr | I29: =SUM((I28*H28)+(K28*J28)+(M28+L28)) -> 253

Sheet ingredients
A1: Price List
A6: ingredients | B6: Frish/eco/TK | C6: prix Kg/Stk | D6: Fournisseur
A7: Ananas Frisch | B7: FR | C7: 3.7 | D7: Etter+Berno AG
A8: Ananas wuerfel 20x20 | B8: FR | C8: 15.8 | D8: Etter+Berno AG
A9: Ananas wuerfel 5X5 | B9: FR | C9: 15.8 | D9: Etter+Berno AG
A10: Apfel Gala | B10: FR | C10: 2.3 | D10: Etter+Berno AG
A11: Apfel Granny smith | B11: FR | C11: 2.8 | D11: Etter+Berno AG
A12: Apfel Wuerfel 2X2 | B12: TK | C12: 3.7 | D12: Transgourmet
A13: Apfel wuerfel 5X5 | B13: FR | C13: 8 | D13: Etter+Berno AG
A14: Backpulver | B14: Eco | C14: 5.04 | D14: Pistor AG
A15: Blatterteig leisi | B15: FR | C15: 7 | D15: Pistor AG
A16: Choc.deco pensil van goh 120X | B16: Eco | C16: 0.192 | D16: Pistor AG
A17: Choco tartelette mini 270X | B17: Eco | C17: 0.227 | D17: Pistor AG
A18: Crispearls Dunkek Callebaut | B18: Eco | C18: 9.049 | D18: Pistor AG
... A132: praline kapseln braun | B132: Eco | C132: 0.006 | D132: Pistor AG

Sheet DashBoard
A1: Dash Board Prod: Date XXX
A7: Name Recipe | B7: Nbr.Pce 1 | C7: Gr/Pce | D7: Nbr.Pce2 | E7: Gr/Pce2 | F7: Nbr.Pc3 | G7: Gr/Pce3 | H7: ToTal Gr | I7: Prix
A8: Schokomousse | H8: =SUM(G8+E8+C8) -> 0 | L8: Description
H9: =SUM(G9+E9+C9) -> 0
H10: =SUM(G10+E10+C10) -> 0 | L10: bouton colonne J8 quand coché, il fait apparaitre automatiquement la feuille en A8 dans ce classeur "recette dayli dash board"
H11: =SUM(G11+E11+C11) -> 0
H12: =SUM(G12+E12+C12) -> 0
H13: =SUM(G13+E13+C13) -> 0
H14: =SUM(G14+E14+C14) -> 0 | L14: A8 = nom des recettes
H15: =SUM(G15+E15+C15) -> 0 | L15: les recettes sont dans un autre classeur du nom "recette"
H16: =SUM(G16+E16+C16) -> 0
H17: =SUM(G17+E17+C17) -> 0
H18: =SUM(G18+E18+C18) -> 0
H19: =SUM(G19+E19+C19) -> 0
H20: =SUM(G20+E20+C20) -> 0
H21: =SUM(G21+E21+C21) -> 0
H22: =SUM(G22+E22+C22) -> 0
H23: =SUM(G23+E23+C23) -> 0
H24: =SUM(G24+E24+C24) -> 0
H25: =SUM(G25+E25+C25) -> 0
H26: =SUM(G26+E26+C26) -> 0
H27: =SUM(G27+E27+C27) -> 0
... H150: =SUM(G150+E150+C150) -> 0

Sheet test2
A1: Type | C1: Schokoladenmousse
A3: Pastry
L4: Baking : | M4: 0
L5: Time (min) | M5: 0
A6: Page 00 | L6: Ventilation : | M6: 0
L7: Humidity | M7: 0
A8: Recipe | F8: Products | I8: Coeff RCT | J8: =SUM(B26/K27) -> 51.78 | L8: Oura | M8: Open
A9: =SUM(K28*K27)/C26+K31 -> 15 | B9: Base | C9: 1 Pc. | D9: Food Cost | E9: Prix / Kilo | F9: Piece | G9: Raw Materials | I9: Process
A10: Grams
A11: =SUM(A9*C11) -> 214.36848 | B11: 740 | C11: =SUM(B11/J8) -> 14.291232 | D11: =IFERROR(E11/1000*A11,0) -> 0 | E11: =VLOOKUP(G11,ingredients!A7:C491,2,0) -> #N/A | G11: Couverture Edelweiss 36 % | I11: Couverture schmelzen. Rahm schlagen 70%. Zucker mit Wasser auf 118°C kochen. Eigelb mit Salz aufschlagen und den gekochten Zucker langsam in das Eigelb einlaufen lassen. Gelatine einweichen und auflösen. Couverture unter das ge. Eigelb heben, den geschlagenen Rahm zum Schluss unterheben.
A12: =SUM(A9*C12) -> 57.937428 | B12: 200 | C12: =SUM(B12/J8) -> 3.8624952 | D12: =IFERROR(E12/1000*A12,0) -> 0 | E12: =VLOOKUP(G12,ingredients!A7:C491,2,0) -> #N/A | G12: Zucker
A13: =SUM(A9*C13) -> 28.968714 | B13: 100 | C13: =SUM(B13/J8) -> 1.9312476 | D13: =IFERROR(E13/1000*A13,0) -> 0 | E13: =VLOOKUP(G13,ingredients!A7:C491,2,0) -> #N/A | F13: 0 | G13: Wasser
A14: =SUM(A9*C14) -> 69.524913 | B14: 240 | C14: =SUM(B14/J8) -> 4.6349942 | D14: =IFERROR(E14/1000*A14,0) -> 0 | E14: =VLOOKUP(G14,ingredients!A7:C491,2,0) -> #N/A | G14: Eigelb
A15: =SUM(A9*C15) -> 0.28968714 | B15: 1 | C15: =SUM(B15/J8) -> 0.019312476 | D15: =IFERROR(E15/1000*A15,0) -> 0 | E15: =VLOOKUP(G15,ingredients!A7:C491,2,0) -> #N/A | G15: Salz
A16: =SUM(A9*C16) -> 289.68714 | B16: 1000 | C16: =SUM(B16/J8) -> 19.312476 | D16: =IFERROR(E16/1000*A16,0) -> 0 | E16: =VLOOKUP(G16,ingredients!A7:C491,2,0) -> #N/A | G16: Rahm
A17: =SUM(A9*C17) -> 72.421784 | B17: 250 | C17: =SUM(B17/J8) -> 4.828119 | D17: =IFERROR(E17/1000*A17,0) -> 0 | E17: =VLOOKUP(G17,ingredients!A7:C491,2,0) -> #N/A | G17: Eiweiss
A18: =SUM(A9*C18) -> 5.7937428 | B18: 20 | C18: =SUM(B18/J8) -> 0.38624952 | D18: =IFERROR(E18/1000*A18,0) -> 0 | E18: =VLOOKUP(G18,ingredients!A7:C491,2,0) -> #N/A | G18: Gelatine fur glass
A19: =SUM(A9*C19) -> 11.008111 | B19: 38 | C19: =SUM(B19/J8) -> 0.73387408 | D19: =IFERROR(E19/1000*A19,0) -> 0 | E19: =VLOOKUP(G19,ingredients!A7:C491,2,0) -> #N/A | G19: Gelatine fur Schnitte
C20: =SUM(B20/J8) -> 0 | D20: =IFERROR(E20/1000*A20,0) -> 0
C21: =SUM(B21/J8) -> 0 | D21: =IFERROR(E21/1000*A21,0) -> 0
C22: =SUM(B22/J8) -> 0 | D22: =IFERROR(E22/1000*A22,0) -> 0
C23: =SUM(B23/J8) -> 0 | D23: =IFERROR(E23/1000*A23,0) -> 0
C24: =SUM(B24/J8) -> 0 | D24: =IFERROR(E24/1000*A24,0) -> 0
C25: =SUM(B25/J8) -> 0 | D25: =IFERROR(E25/1000*A25,0) -> 0
B26: =SUM(B11:B25) -> 2589 | C26: =SUM(C11:C25) -> 50 | D26: =SUM(D11:D25) -> 0 | G26: Recipe Weight
A27: =SUM(A11:A25) -> 750 | C27: Recipe Weight X | I27: Weight for 1 Pce | K27: 50
I28: number you need | K28: 10
I29: Pcs for 1X recipe | K29: =INT((B26/K27)) -> 51
I31: WASTE | K31: 5

Sheet Brownie
A1: Type | C1: Brownie
A3: Pastry
L4: Baking : | M4: 160
L5: Time (min) | M5: 25
A6: Page 00 | L6: Ventilation : | M6: 4
L7: Humidity | M7: 0
A8: Recipe | F8: Products | I8: Coeff RCT | J8: =SUM(B26/K27) -> 1 | L8: Oura | M8: Open
A9: =SUM(K28*K27)/C26 -> 7 | B9: Base | C9: 1 Pc. | D9: Food Cost | E9: Prix / Kilo | F9: Piece | G9: Raw Materials | I9: Process
A10: Grams
A11: =SUM(A9*C11) -> 7861 | B11: 1123 | C11: =SUM(B11/J8) -> 1123 | D11: =IFERROR(E11/1000*A11,0) -> 0 | E11: =VLOOKUP(G11,ingredients!A7:C491,2,0) -> #N/A | G11: Butter | I11: Butter mit Couverture schmelzen,
A12: =SUM(A9*C12) -> 10696 | B12: 1528 | C12: =SUM(B12/J8) -> 1528 | D12: =IFERROR(E12/1000*A12,0) -> 0 | E12: =VLOOKUP(G12,ingredients!A7:C491,2,0) -> #N/A | G12: Couverture 65% | I12: Vollei und Zucker aufschlagen bis richtig luftig
A13: =SUM(A9*C13) -> 5460 | B13: 780 | C13: =SUM(B13/J8) -> 780 | D13: =IFERROR(E13/1000*A13,0) -> 0 | E13: =VLOOKUP(G13,ingredients!A7:C491,2,0) -> #N/A | G13: Vollei | I13: Geschmolzene Couverture-Butter Mischung dazu, Mehl Salz und Baumnüsse unterheben
A14: =SUM(A9*C14) -> 11788 | B14: 1684 | C14: =SUM(B14/J8) -> 1684 | D14: =IFERROR(E14/1000*A14,0) -> 0 | E14: =VLOOKUP(G14,ingredients!A7:C491,2,0) -> #N/A | G14: Zucker
A15: =SUM(A9*C15) -> 7861 | B15: 1123 | C15: =SUM(B15/J8) -> 1123 | D15: =IFERROR(E15/1000*A15,0) -> 0 | E15: =VLOOKUP(G15,ingredients!A7:C41,2,0) -> #N/A | G15: Mehl
A16: =SUM(A9*C16) -> 49 | B16: 7 | C16: =SUM(B16/J8) -> 7 | D16: =IFERROR(E16/1000*A16,0) -> 0 | E16: =VLOOKUP(G16,ingredients!A7:C491,2,0) -> #N/A | G16: Salz
A17: =SUM(A9*C17) -> 5460 | B17: 780 | C17: =SUM(B17/J8) -> 780 | D17: =IFERROR(E17/1000*A17,0) -> 0 | E17: =VLOOKUP(G17,ingredients!A7:C491,2,0) -> #N/A | G17: Baumnuss Bruch
C18: =SUM(B18/J8) -> 0
C19: =SUM(B19/J8) -> 0
C20: =SUM(B20/J8) -> 0
C21: =SUM(B21/J8) -> 0
C22: =SUM(B22/J8) -> 0
C23: =SUM(B23/J8) -> 0
C24: =SUM(B24/J8) -> 0
C25: =SUM(B25/J8) -> 0
B26: =SUM(B11:B25) -> 7025 | C26: =SUM(C11:C25) -> 7025 | D26: =SUM(D11:D25) -> 0 | G26: Recipe Weight
A27: =SUM(A11:A25) -> 49175 | C27: Recipe Weight X | I27: Weight for 1 Pce | K27: 7025
A28: 0 | B28: waste | I28: number you need | K28: 7
A29: 0 | B29: waste after cooking | I29: Nbr of pce for 1X recipe | K29: =INT((B26/K27)) -> 1
A30: Weight after cooking | G30: =SUM(K27)-(K27*A29) -> 7025
A31: weight after 10% waste | G31: =SUM(A11:A25)-(SUM(A11:A25)*A28) -> 49175

Sheet Tiramisu Kaffee
A1: Type | C1: Tiramisu Kaffee
L4: Baking : | M4: 0
L5: Time (min) | M5: 0
A6: Page 00 | L6: Ventilation : | M6: 0
L7: Humidity | M7: 0
A8: Recipe | F8: Products | I8: Coeff RCT | J8: =SUM(B26/K27) -> 1 | L8: Oura | M8: Open
A9: =SUM(K28*K27)/C26 -> 2 | B9: Base | C9: 1 Pc. | D9: Food Cost | E9: Prix / Kilo | F9: Piece | G9: Raw Materials | I9: Process
A10: Grams
A11: =SUM(A9*C11) -> 3500 | B11: 1750 | C11: =SUM(B11/J8) -> 1750 | D11: =IFERROR(E11/1000*A11,0) -> 0 | E11: =VLOOKUP(G11,ingredients!A7:C491,2,0) -> #N/A | G11: Mascarpone | I11: Gelatine einweichen, Mascarpone mit dem Rahm zusammen aufschlagen. Eigelb mit Zucker1 aufschlagen, Eiweiss mit Zucker2 aufschlagen. Gelatine einweichen. Das Eigelb unter die Mascarpone heben. 600g Der Masse auf dem Wasserbad wärmen, Gelatine im Amaretto auflösen und unter die gewärmte Masse rühren, dann mit der restlichen Masse vermischen. Eiweiss zum Schluss unter die Masse ziehen.
A12: =SUM(A9*C12) -> 380 | B12: 190 | C12: =SUM(B12/J8) -> 190 | D12: =IFERROR(E12/1000*A12,0) -> 0 | E12: =VLOOKUP(G12,ingredients!A7:C491,2,0) -> #N/A | G12: Zucker
A13: =SUM(A9*C13) -> 840 | B13: 420 | C13: =SUM(B13/J8) -> 420 | D13: =IFERROR(E13/1000*A13,0) -> 0 | E13: =VLOOKUP(G13,ingredients!A7:C491,2,0) -> #N/A | F13: 0 | G13: Eigelb
A14: =SUM(A9*C14) -> 1750 | B14: 875 | C14: =SUM(B14/J8) -> 875 | D14: =IFERROR(E14/1000*A14,0) -> 0 | E14: =VLOOKUP(G14,ingredients!A7:C491,2,0) -> #N/A | G14: Rahm
A15: =SUM(A9*C15) -> 720 | B15: 360 | C15: =SUM(B15/J8) -> 360 | D15: =IFERROR(E15/1000*A15,0) -> 0 | E15: =VLOOKUP(G15,ingredients!A7:C491,2,0) -> #N/A | G15: Eiweiss
A16: =SUM(A9*C16) -> 380 | B16: 190 | C16: =SUM(B16/J8) -> 190 | D16: =IFERROR(E16/1000*A16,0) -> 0 | E16: =VLOOKUP(G16,ingredients!A7:C491,2,0) -> #N/A | G16: Zucker
A17: =SUM(A9*C17) -> 120 | B17: 60 | C17: =SUM(B17/J8) -> 60 | D17: =IFERROR(E17/1000*A17,0) -> 0 | E17: =VLOOKUP(G17,ingredients!A7:C491,2,0) -> #N/A | G17: Amaretto
A18: =SUM(A9*C18) -> 64 | B18: 32 | C18: =SUM(B18/J8) -> 32 | D18: =IFERROR(E18/1000*A18,0) -> 0 | E18: =VLOOKUP(G18,ingredients!A7:C491,2,0) -> #N/A | G18: Gelatine fur glass
A19: =SUM(A9*C19) -> 88 | B19: 44 | C19: =SUM(B19/J8) -> 44 | D19: =IFERROR(E19/1000*A19,0) -> 0 | E19: =VLOOKUP(G19,ingredients!A7:C491,2,0) -> #N/A | G19: Gelatine fur Schnitte
C20: =SUM(B20/J8) -> 0 | E20: =VLOOKUP(G20,ingredients!A7:C491,2,0) -> #N/A
C21: =SUM(B21/J8) -> 0 | E21: =VLOOKUP(G21,ingredients!A7:C491,2,0) -> #N/A
C22: =SUM(B22/J8) -> 0 | E22: =VLOOKUP(G22,ingredients!A7:C491,2,0) -> #N/A | I22: Löffelbiskuit tränken und Masse einfüllen.
C23: =SUM(B23/J8) -> 0 | E23: =VLOOKUP(G23,ingredients!A7:C491,2,0) -> #N/A
C24: =SUM(B24/J8) -> 0 | E24: =VLOOKUP(G24,ingredients!A7:C491,2,0) -> #N/A
C25: =SUM(B25/J8) -> 0 | E25: =VLOOKUP(G25,ingredients!A7:C491,2,0) -> #N/A
B26: =SUM(B11:B25) -> 3921 | C26: =SUM(C11:C25) -> 3921 | D26: =SUM(D11:D25) -> 0 | G26: Recipe Weight
A27: =SUM(A11:A25) -> 7842 | C27: Recipe Weight X | I27: Weight for 1 Pce | K27: 3921
A28: 0 | B28: waste | I28: number you need | K28: 2
A29: 0 | B29: waste after cooking | I29: Nbr of pce for 1X recipe | K29: =INT((B26/K27)) -> 1
A30: Weight after cooking | G30: =SUM(K27)-(K27*A29) -> 3921
A31: weight after 10% waste | G31: =SUM(A11:A25)-(SUM(A11:A25)*A28) -> 7842

Sheet Weisses Mokkamousse
A1: Type | C1: Weisses Mokkamousse
A3: Pastry
L4: Baking : | M4: 0
L5: Time (min) | M5: 0
A6: Page 00 | L6: Ventilation : | M6: 0
L7: Humidity | M7: 0
A8: Recipe | F8: Products | I8: Coeff RCT | J8: =SUM(B26/K27) -> 1 | L8: Oura | M8: Open
A9: =SUM(K28*K27)/C26 -> 2 | B9: Base | C9: 1 Pc. | D9: Food Cost | E9: Prix / Kilo | F9: Piece | G9: Raw Materials | I9: Process
A10: Grams
A11: =SUM(A9*C11) -> 1102 | B11: 551 | C11: =SUM(B11/J8) -> 551 | D11: =IFERROR(E11/1000*A11,0) -> 0 | E11: =VLOOKUP(G11,ingredients!A7:C491,2,0) -> #N/A | G11: Milch | I11: Milch mit Vanille aufkochen und über Kaffebohnen giessen.Abdecken und mind. 60min ziehen lassen.
A12: =SUM(A9*C12) -> 330 | B12: 165 | C12: =SUM(B12/J8) -> 165 | D12: =IFERROR(E12/1000*A12,0) -> 0 | E12: =VLOOKUP(G12,ingredients!A7:C491,2,0) -> #N/A | G12: Kaffeebohnen
A13: =SUM(A9*C13) -> 882 | B13: 441 | C13: =SUM(B13/J8) -> 441 | D13: =IFERROR(E13/1000*A13,0) -> 0 | E13: =VLOOKUP(G13,ingredients!A7:C491,2,0) -> #N/A | G13: Vollei
A14: =SUM(A9*C14) -> 352 | B14: 176 | C14: =SUM(B14/J8) -> 176 | D14: =IFERROR(E14/1000*A14,0) -> 0 | E14: =VLOOKUP(G14,ingredients!A7:C491,2,0) -> #N/A | G14: Eigelb | I14: Couverture über Wasserbad schmelzen.
A15: =SUM(A9*C15) -> 2644 | B15: 1322 | C15: =SUM(B15/J8) -> 1322 | D15: =IFERROR(E15/1000*A15,0) -> 0 | E15: =VLOOKUP(G15,ingredients!A7:C491,2,0) -> #N/A | G15: Weisse Couverture(36%) | I15: Vollei mit Eigelb zusammen aufschlagen.
A16: =SUM(A9*C16) -> 220 | B16: 110 | C16: =SUM(B16/J8) -> 110 | D16: =IFERROR(E16/1000*A16,0) -> 0 | E16: =VLOOKUP(G16,ingredients!A7:C491,2,0) -> #N/A | G16: Kahlua | I16: Kahlua leicht erwärmen und Gelatine darin auflösen. Dann passierte Kaffeemilch dazu geschmolzene Weisse Couverture langsam dazu. Zum Schluss den Schlagrahm unterheben
A17: =SUM(A9*C17) -> 62 | B17: 31 | C17: =SUM(B17/J8) -> 31 | D17: =IFERROR(E17/1000*A17,0) -> 0 | E17: =VLOOKUP(G17,ingredients!A7:C491,2,0) -> #N/A | G17: Gelatine
A18: =SUM(A9*C18) -> 4408 | B18: 2204 | C18: =SUM(B18/J8) -> 2204 | D18: =IFERROR(E18/1000*A18,0) -> 0 | E18: =VLOOKUP(G18,ingredients!A7:C491,2,0) -> #N/A | G18: Rahm
A19: =SUM(A9*C19) -> 2 | B19: 1 | C19: =SUM(B19/J8) -> 1 | D19: =IFERROR(E19/1000*A19,0) -> 0 | E19: =VLOOKUP(G19,ingredients!A7:C491,2,0) -> #N/A | G19: Vanille
C20: =SUM(B20/J8) -> 0 | D20: =IFERROR(E20/1000*A20,0) -> 0
C21: =SUM(B21/J8) -> 0 | D21: =IFERROR(E21/1000*A21,0) -> 0
C22: =SUM(B22/J8) -> 0 | D22: =IFERROR(E22/1000*A22,0) -> 0
C23: =SUM(B23/J8) -> 0 | D23: =IFERROR(E23/1000*A23,0) -> 0
C24: =SUM(B24/J8) -> 0 | D24: =IFERROR(E24/1000*A24,0) -> 0
C25: =SUM(B25/J8) -> 0 | D25: =IFERROR(E25/1000*A25,0) -> 0
B26: =SUM(B11:B25) -> 5001 | C26: =SUM(C11:C25) -> 5001 | D26: =SUM(D11:D25) -> 0 | G26: Recipe Weight
A27: =SUM(A11:A25) -> 10002 | C27: Recipe Weight X | I27: Weight for 1 Pce | K27: 5001
A28: 0.15 | B28: waste | I28: number you need | K28: 2
A29: 0 | B29: waste after cooking | I29: Nbr of pce for 1X recipe | K29: =INT((B26/K27)) -> 1
A30: Weight after cooking | G30: =SUM(K27)-(K27*A29) -> 5001
A31: weight after 10% waste | G31: =SUM(A11:A25)-(SUM(A11:A25)*A28) -> 8501.7

Sheet Tonka Creme
A1: Type | C1: Tonka Creme
A3: Pastry
L4: Baking : | M4: 0
L5: Time (min) | M5: 0
A6: Page 00 | L6: Ventilation : | M6: 0
L7: Humidity | M7: 0
A8: Recipe | F8: Products | I8: Coeff RCT | J8: =SUM(B26/K27) -> 1 | L8: Oura | M8: Open
A9: =SUM(K28*K27)/C26 -> 2 | B9: Base | C9: 1 Pc. | D9: Food Cost | E9: Prix / Kilo | F9: Piece | G9: Raw Materials | I9: Process
A10: Grams
A11: =SUM(A9*C11) -> 2250 | B11: 1125 | C11: =SUM(B11/J8) -> 1125 | D11: =IFERROR(E11/1000*A11,0) -> 0 | E11: =VLOOKUP(G11,ingredients!A7:C491,2,0) -> #N/A | G11: Milch | I11: Sahne, Milch, Vanillearoma, Tonkabohnen geraspelt und Zucker in ein Topf geben und aufkochen.30min ziehen lassen und alles abpassieren. 500g der Flüssigkeit mit Cremepulver und dem Eigelb mixen. Die nochmals Flüssigkeit aufkochen, wenn es kocht das Eigelbgemisch unter ständigem rühren zugeben. Masse zwei Minuten lang gut kochen. In ein desinfiziertes GN geben und direkt mit Folie abdecken. CCP beachten
A12: =SUM(A9*C12) -> 750 | B12: 375 | C12: =SUM(B12/J8) -> 375 | D12: =IFERROR(E12/1000*A12,0) -> 0 | E12: =VLOOKUP(G12,ingredients!A7:C491,2,0) -> #N/A | G12: Rahm
A13: =SUM(A9*C13) -> 600 | B13: 300 | C13: =SUM(B13/J8) -> 300 | D13: =IFERROR(E13/1000*A13,0) -> 0 | E13: =VLOOKUP(G13,ingredients!A7:C491,2,0) -> #N/A | F13: 0 | G13: Eigelb
A14: =SUM(A9*C14) -> 600 | B14: 300 | C14: =SUM(B14/J8) -> 300 | D14: =IFERROR(E14/1000*A14,0) -> 0 | E14: =VLOOKUP(G14,ingredients!A7:C491,2,0) -> #N/A | G14: Zucker
A15: =SUM(A9*C15) -> 2 | B15: 1 | C15: =SUM(B15/J8) -> 1 | D15: =IFERROR(E15/1000*A15,0) -> 0 | E15: =VLOOKUP(G15,ingredients!A7:C491,2,0) -> #N/A | G15: Vanille
A16: =SUM(A9*C16) -> 240 | B16: 120 | C16: =SUM(B16/J8) -> 120 | D16: =IFERROR(E16/1000*A16,0) -> 0 | E16: =VLOOKUP(G16,ingredients!A7:C491,2,0) -> #N/A | G16: Cremepulver
A17: =SUM(A9*C17) -> 6 | B17: 3 | C17: =SUM(B17/J8) -> 3 | D17: =IFERROR(E17/1000*A17,0) -> 0 | E17: =VLOOKUP(G17,ingredients!A7:C491,2,0) -> #N/A | G17: Tonkabohne
A18: =SUM(A9*C18) -> 10 | B18: 5 | C18: =SUM(B18/J8) -> 5 | D18: =IFERROR(E18/1000*A18,0) -> 0 | E18: =VLOOKUP(G18,ingredients!A7:C491,2,0) -> #N/A | G18: Vanillearoma
C19: =SUM(B19/J8) -> 0
C20: =SUM(B20/J8) -> 0
C21: =SUM(B21/J8) -> 0
C22: =SUM(B22/J8) -> 0
C23: =SUM(B23/J8) -> 0
C24: =SUM(B24/J8) -> 0
C25: =SUM(B25/J8) -> 0
B26: =SUM(B11:B25) -> 2229 | C26: =SUM(C11:C25) -> 2229 | D26: =SUM(D11:D25) -> 0 | G26: Recipe Weight
A27: =SUM(A11:A25) -> 4458 | C27: Recipe Weight X | I27: Weight for 1 Pce | K27: 2229
A28: 0 | B28: waste | I28: number you need | K28: 2
A29: 0 | B29: waste after cooking | I29: Nbr of pce for 1X recipe | K29: =INT((B26/K27)) -> 1
A30: Weight after cooking | G30: =SUM(K27)-(K27*A29) -> 2229
A31: weight after 10% waste | G31: =SUM(A11:A25)-(SUM(A11:A25)*A28) -> 4458

Sheet Sirop Amaretto (Tiramisu)
A1: Type | C1: Sirop Amaretto (Tiramisu)
L4: Baking : | M4: 0
L5: Time (min) | M5: 0
A6: Page 00 | L6: Ventilation : | M6: 0
L7: Humidity | M7: 0
A8: Recipe | F8: Products | I8: Coeff RCT | J8: =SUM(B26/K27) -> 1 | L8: Oura | M8: Open
A9: =SUM(K28*K27)/C26 -> 2 | B9: Base | C9: 1 Pc. | D9: Food Cost | E9: Prix / Kilo | F9: Piece | G9: Raw Materials | I9: Process
A10: Grams
A11: =SUM(A9*C11) -> 6000 | B11: 3000 | C11: =SUM(B11/J8) -> 3000 | D11: =IFERROR(E11/1000*A11,0) -> 0 | E11: =VLOOKUP(G11,ingredients!A7:C491,2,0) -> #N/A | G11: Wasser | I11: Amaretto mit Zucker und dem Nescafê kurz aufkochen. Gelatine einweichen. Gelatine in der warmen Flüssigkeit auflösen. Wasser zugeben.
A12: =SUM(A9*C12) -> 2000 | B12: 1000 | C12: =SUM(B12/J8) -> 1000 | D12: =IFERROR(E12/1000*A12,0) -> 0 | E12: =VLOOKUP(G12,ingredients!A7:C491,2,0) -> #N/A | G12: Zucker
A13: =SUM(A9*C13) -> 320 | B13: 160 | C13: =SUM(B13/J8) -> 160 | D13: =IFERROR(E13/1000*A13,0) -> 0 | E13: =VLOOKUP(G13,ingredients!A7:C491,2,0) -> #N/A | G13: Nescafê
A14: =SUM(A9*C14) -> 800 | B14: 400 | C14: =SUM(B14/J8) -> 400 | D14: =IFERROR(E14/1000*A14,0) -> 0 | E14: =VLOOKUP(G14,ingredients!A7:C491,2,0) -> #N/A | G14: Amarettolikör
A15: =SUM(A9*C15) -> 80 | B15: 40 | C15: =SUM(B15/J8) -> 40 | D15: =IFERROR(E15/1000*A15,0) -> 0 | E15: =VLOOKUP(G15,ingredients!A7:C491,2,0) -> #N/A | G15: Gelatine
C16: =SUM(B16/J8) -> 0
C17: =SUM(B17/J8) -> 0
C18: =SUM(B18/J8) -> 0
C19: =SUM(B19/J8) -> 0
C20: =SUM(B20/J8) -> 0
C21: =SUM(B21/J8) -> 0
C22: =SUM(B22/J8) -> 0
C23: =SUM(B23/J8) -> 0 | I23: S
C24: =SUM(B24/J8) -> 0
C25: =SUM(B25/J8) -> 0
B26: =SUM(B11:B25) -> 4600 | C26: =SUM(C11:C25) -> 4600 | D26: =SUM(D11:D25) -> 0 | G26: Recipe Weight
A27: =SUM(A11:A25) -> 9200 | C27: Recipe Weight X | I27: Weight for 1 Pce | K27: 4600
A28: 0 | B28: waste | I28: number you need | K28: 2
A29: 0 | B29: waste after cooking | I29: Nbr of pce for 1X recipe | K29: =INT((B26/K27)) -> 1
A30: Weight after cooking | G30: =SUM(K27)-(K27*A29) -> 4600
A31: weight after 10% waste | G31: =SUM(A11:A25)-(SUM(A11:A25)*A28) -> 9200

Sheet TobleroneMousse
A1: Type | C1: Tobleronemousse
L4: Baking : | M4: 0
L5: Time (min) | M5: 0
A6: Page 00 | L6: Ventilation : | M6: 0
L7: Humidity | M7: 0
A8: Recipe | F8: Products | I8: Coeff RCT | J8: =SUM(B26/K27) -> 1 | L8: Oura | M8: Open
A9: =SUM(K28*K27)/C26 -> 2 | B9: Base | C9: 1 Pc. | D9: Food Cost | E9: Prix / Kilo | F9: Piece | G9: Raw Materials | I9: Process
A10: Grams
A11: =SUM(A9*C11) -> 664 | B11: 332 | C11: =SUM(B11/J8) -> 332 | D11: =IFERROR(E11/1000*A11,0) -> 0 | E11: =VLOOKUP(G11,ingredients!A7:C491,2,0) -> #N/A | G11: Couverture Ambra 36% | I11: Couvertüre und Toblerone schmelzen. Rahm schlagen. Zucker mit Wasser auf 118°C kochen. Eigelb mit Salz aufschlagen und den gekochten Zucker langsam in das Eigelb einlaufen lassen. Gelatine einweichen und auflösen. Couverture unter das ge. Eigelb heben, den geschlagenen Rahm zum Schluss unterheben
A12: =SUM(A9*C12) -> 1896 | B12: 948 | C12: =SUM(B12/J8) -> 948 | D12: =IFERROR(E12/1000*A12,0) -> 0 | E12: =VLOOKUP(G12,ingredients!A7:C491,2,0) -> #N/A | G12: Toblerone
A13: =SUM(A9*C13) -> 948 | B13: 474 | C13: =SUM(B13/J8) -> 474 | D13: =IFERROR(E13/1000*A13,0) -> 0 | E13: =VLOOKUP(G13,ingredients!A7:C491,2,0) -> #N/A | G13: Zucker
A14: =SUM(A9*C14) -> 474 | B14: 237 | C14: =SUM(B14/J8) -> 237 | D14: =IFERROR(E14/1000*A14,0) -> 0 | E14: =VLOOKUP(G14,ingredients!A7:C491,2,0) -> #N/A | G14: Wasser
A15: =SUM(A9*C15) -> 1140 | B15: 570 | C15: =SUM(B15/J8) -> 570 | D15: =IFERROR(E15/1000*A15,0) -> 0 | E15: =VLOOKUP(G15,ingredients!A7:C491,2,0) -> #N/A | G15: Eigelb
A16: =SUM(A9*C16) -> 4 | B16: 2 | C16: =SUM(B16/J8) -> 2 | D16: =IFERROR(E16/1000*A16,0) -> 0 | E16: =VLOOKUP(G16,ingredients!A7:C491,2,0) -> #N/A | G16: Salz
A17: =SUM(A9*C17) -> 4740 | B17: 2370 | C17: =SUM(B17/J8) -> 2370 | D17: =IFERROR(E17/1000*A17,0) -> 0 | E17: =VLOOKUP(G17,ingredients!A7:C491,2,0) -> #N/A | G17: Rahm
A18: =SUM(A9*C18) -> 1190 | B18: 595 | C18: =SUM(B18/J8) -> 595 | D18: =IFERROR(E18/1000*A18,0) -> 0 | E18: =VLOOKUP(G18,ingredients!A7:C491,2,0) -> #N/A | G18: Eiweiss | I18: Eiweiss nur für glass
A19: =SUM(A9*C19) -> 70 | B19: 35 | C19: =SUM(B19/J8) -> 35 | D19: =IFERROR(E19/1000*A19,0) -> 0 | E19: =VLOOKUP(G19,ingredients!A7:C491,2,0) -> #N/A | G19: Gelatine fur glass
A20: =SUM(A9*C20) -> 118 | B20: 59 | C20: =SUM(B20/J8) -> 59 | D20: =IFERROR(E20/1000*A20,0) -> 0 | E20: =VLOOKUP(G20,ingredients!A7:C491,2,0) -> #N/A | G20: Gelatine fur Schnitte
C21: =SUM(B21/J8) -> 0 | E21: =VLOOKUP(G21,ingredients!A7:C491,2,0) -> #N/A
C22: =SUM(B22/J8) -> 0 | E22: =VLOOKUP(G22,ingredients!A7:C491,2,0) -> #N/A
C23: =SUM(B23/J8) -> 0 | E23: =VLOOKUP(G23,ingredients!A7:C491,2,0) -> #N/A
C24: =SUM(B24/J8) -> 0 | E24: =VLOOKUP(G24,ingredients!A7:C491,2,0) -> #N/A
C25: =SUM(B25/J8) -> 0 | E25: =VLOOKUP(G25,ingredients!A7:C491,2,0) -> #N/A
B26: =SUM(B11:B25) -> 5622 | C26: =SUM(C11:C25) -> 5622 | D26: =SUM(D11:D25) -> 0 | G26: Recipe Weight
A27: =SUM(A11:A25) -> 11244 | C27: Recipe Weight X | I27: Weight for 1 Pce | K27: 5622
A28: 0 | B28: waste | I28: number you need | K28: 2
A29: 0 | B29: waste after cooking | I29: Nbr of pce for 1X recipe | K29: =INT((B26/K27)) -> 1
A30: Weight after cooking | G30: =SUM(K27)-(K27*A29) -> 5622
A31: weight after 10% waste | G31: =SUM(A11:A25)-(SUM(A11:A25)*A28) -> 11244

Sheet Tiramisu mit Fruchte
A1: Type | C1: Tiramisu mit fruchte
A3: Pastry
L4: Baking : | M4: 0
L5: Time (min) | M5: 0
A6: Page 00 | L6: Ventilation : | M6: 0
L7: Humidity | M7: 0
A8: Recipe | F8: Products | I8: Coeff RCT | J8: =SUM(B26/K27) -> 1 | L8: Oura | M8: Open
A9: =SUM(K28*K27)/C26 -> 2 | B9: Base | C9: 1 Pc. | D9: Food Cost | E9: Prix / Kilo | F9: Piece | G9: Raw Materials | I9: Process
A10: Grams
A11: =SUM(A9*C11) -> 3500 | B11: 1750 | C11: =SUM(B11/J8) -> 1750 | D11: =IFERROR(E11/1000*A11,0) -> 0 | E11: =VLOOKUP(G11,ingredients!A7:C491,2,0) -> #N/A | G11: Mascarpone | I11: Gelatine einweichen, Mascarpone mit dem Rahm zusammen aufschlagen. Eigelb mit Zucker1 aufschlagen, Früchtepüree erwärmen und Gelatine darin auflösen Das Eigelb unter die Mascarpone heben
A12: =SUM(A9*C12) -> 380 | B12: 190 | C12: =SUM(B12/J8) -> 190 | D12: =IFERROR(E12/1000*A12,0) -> 0 | E12: =VLOOKUP(G12,ingredients!A7:C491,2,0) -> #N/A | G12: Zucker
A13: =SUM(A9*C13) -> 840 | B13: 420 | C13: =SUM(B13/J8) -> 420 | D13: =IFERROR(E13/1000*A13,0) -> 0 | E13: =VLOOKUP(G13,ingredients!A7:C491,2,0) -> #N/A | G13: Eigelb
A14: =SUM(A9*C14) -> 1750 | B14: 875 | C14: =SUM(B14/J8) -> 875 | D14: =IFERROR(E14/1000*A14,0) -> 0 | E14: =VLOOKUP(G14,ingredients!A7:C491,2,0) -> #N/A | G14: Rahm
A15: =SUM(A9*C15) -> 720 | B15: 360 | C15: =SUM(B15/J8) -> 360 | D15: =IFERROR(E15/1000*A15,0) -> 0 | E15: =VLOOKUP(G15,ingredients!A7:C491,2,0) -> #N/A | G15: Eiweiss
A16: =SUM(A9*C16) -> 380 | B16: 190 | C16: =SUM(B16/J8) -> 190 | D16: =IFERROR(E16/1000*A16,0) -> 0 | E16: =VLOOKUP(G16,ingredients!A7:C491,2,0) -> #N/A | G16: Zucker
A17: =SUM(A9*C17) -> 2000 | B17: 1000 | C17: =SUM(B17/J8) -> 1000 | D17: =IFERROR(E17/1000*A17,0) -> 0 | E17: =VLOOKUP(G17,ingredients!A7:C491,2,0) -> #N/A | G17: Früchtepüree
A18: =SUM(A9*C18) -> 84 | B18: 42 | C18: =SUM(B18/J8) -> 42 | D18: =IFERROR(E18/1000*A18,0) -> 0 | E18: =VLOOKUP(G18,ingredients!A7:C491,2,0) -> #N/A | G18: Gelatine fur glass
A19: =SUM(A9*C19) -> 108 | B19: 54 | C19: =SUM(B19/J8) -> 54 | D19: =IFERROR(E19/1000*A19,0) -> 0 | E19: =VLOOKUP(G19,ingredients!A7:C491,2,0) -> #N/A | G19: Gelatine fur Schnitte
C20: =SUM(B20/J8) -> 0
C21: =SUM(B21/J8) -> 0
C22: =SUM(B22/J8) -> 0
C23: =SUM(B23/J8) -> 0
C24: =SUM(B24/J8) -> 0
C25: =SUM(B25/J8) -> 0
B26: =SUM(B11:B25) -> 4881 | C26: =SUM(C11:C25) -> 4881 | D26: =SUM(D11:D25) -> 0 | G26: Recipe Weight
A27: =SUM(A11:A25) -> 9762 | C27: Recipe Weight X | I27: Weight for 1 Pce | K27: 4881
A28: 0 | B28: waste | I28: number you need | K28: 2
A29: 0 | B29: waste after cooking | I29: Nbr of pce for 1X recipe | K29: =INT((B26/K27)) -> 1
A30: Weight after cooking | G30: =SUM(K27)-(K27*A29) -> 4881
A31: weight after 10% waste | G31: =SUM(A11:A25)-(SUM(A11:A25)*A28) -> 9762
